AoeStats
← 你备用金还了吗

Arabia

505018183Analyzed
1v1 RM · 23d ago on Sep 7, 2026· 52m 22s· 2 players
Game mode
Random Map
Map size
Tiny (2 player)
Population
200
Speed
Normal
Resources
Standard
Victory
Conquest
Starting age
Dark Age
Ending age
Imperial Age
RankedLock teamsTeams togetherTeam positionsShared explorationLock speedFull tech treeHidden civsTurbo modeCheats
Victory
Defeat
🇨🇿 Britons · Czechia
644
+16
643
-16
你备用金还了吗
9:56 Loom
13:26 Feudal Age
14:01 Double-Bit Axe
20:45 Castle Age
19:57 Double-Bit Axe
20:29 Man-at-Arms
27:01 Long Swordsman
28:39 Bow Saw
28:11 Horse Collar
28:51 Squires
32:47 Heavy Plow
33:50 Elite Skirmisher
49:52 Imperial Age
smejdzvesmiru
6:56 Loom
9:23 Feudal Age
10:06 Double-Bit Axe
14:09 Fletching
17:13 Horse Collar
23:11 Castle Age
23:56 Padded Archer Armor
23:24 Crossbowman
24:34 Bodkin Arrow
26:02 Bow Saw
27:06 Light Cavalry
29:32 Wheelbarrow
30:07 Leather Archer Armor
30:13 Town Watch
31:58 Hand Cart
33:15 Ballistics
40:41 Heavy Plow
41:02 Murder Holes
43:08 Yeomen
Connection lost

Rejoining the realm…

Still unreachable

The connection could not be restored.

Session expired

The server has moved on; the page needs a fresh start.